 Dungeon Crawl Stone Soup version 0.28-a0-915-gcd63401287 (webtiles) character file.

Game seed: 16458524800821400972

2454 kae the Ruffian (level 9, -3/86 HPs)
             Began as a Black Draconian Transmuter on Nov 25, 2021.
             Slain by a vampire (4 damage)
             ... on level 6 of the Dungeon.
             The game lasted 00:05:24 (8668 turns).

kae the Ruffian (Black Draconian Transmuter)        Turns: 8668, Time: 00:05:24

Health: -3/86      AC:  7    Str: 16    XL:     9   Next: 25%
Magic:  15/15      EV: 11    Int: 17    God:
Gold:   243        SH:  0    Dex: 11    Spells: 8/16 levels left

rFire   x . .      SeeInvis .     - Unarmed
rCold   + + +      Faith    .   (shield currently unavailable)
rNeg    . . .      Spirit   .   (armour unavailable)
rPois   +          Reflect  .   (helmet currently unavailable)
rElec   +          Harm     .   (cloak currently unavailable)
rCorr   .          Rampage  .   (gloves currently unavailable)
Will    .....                   (boots currently unavailable)
Stlth   +.........              j - amulet of Tuenk {RegenMP rElec Str+3}
HPRegen 0.24/turn               (no ring)
MPRegen 0.54/turn               (no ring)

@: ice-form
A: freezing attack, amphibious, boosted hp, (breathe lightning), AC +7, large,
unfitting armour, (electricity resistance), (cold-blooded)
a: End Transformation


You were on level 6 of the Dungeon.
You were a creature of crystalline ice.
You visited 1 branch of the dungeon, and saw 6 of its levels.

You collected 243 gold pieces.

Inventory:

Missiles
 c - a throwing net
Jewellery
 j - the amulet of Tuenk (around neck) {RegenMP rElec Str+3}
   (You found it on level 5 of the Dungeon)

   [amulet of magic regeneration]

   It increases your rate of magic regeneration.
   Str:       It affects your strength (+3).
   rElec:     It insulates you from electricity.
Wands
 f - a wand of mindburst (22)
Scrolls
 a - 3 scrolls of teleportation
 n - a scroll of identify
Potions
 b - 4 potions of brilliance
 d - a potion of curing {unknown}
 e - a potion of haste {unknown}
 g - a potion of magic {unknown}
 h - a potion of mutation {unknown}
 i - a potion of lignification {unknown}
 k - a potion of flight {unknown}
 l - 2 potions of ambrosia {unknown}
 m - a potion of attraction {unknown}


   Skills:
 + Level 4.6 Fighting
 + Level 4.3 Dodging
 * Level 7.0 Unarmed Combat
 + Level 4.3 Spellcasting
 * Level 6.6 Transmutations
 + Level 3.5 Ice Magic
 - Level 2.0 Poison Magic


You had 8 spell levels left.
You knew the following spells:

 Your Spells              Type           Power      Damage    Failure   Level
a - Beastly Appendage     Tmut           52%        N/A       1%          1
b - Spider Form           Tmut/Pois      18%        N/A       8%          3
c - Ice Form              Ice/Tmut       20%        N/A       19%         4

Your spell library contained the following spells:

 Spells                   Type           Power      Damage    Failure   Level
 Wereblood                Tmut           26%        N/A       1%          2
 Inner Flame              Hex/Fire       3%         N/A       43%         3
 Cause Fear               Hex            1%         N/A       83%         4
 Discord                  Hex            1%         N/A       100%        8


Dungeon Overview and Level Annotations

Branches:
Dungeon (6/15)
 Temple: D:4-7

Altars:
Okawaru

Annotations:
D:3 1 runed translucent door, sn0wgr3's ghost, amateur MiFi


Innate Abilities, Weirdness & Mutations

You are a creature of crystalline ice.
You have a powerful freezing melee attack.
You are amphibious.
Your maximum health is increased.
Your armour is entirely melded.
You are incapable of wielding weapons or throwing items.
((You can breathe wild blasts of lightning.))
((Your glossy black scales are hard. (AC +7)))
You cannot fit into any form of body armour.
((You are resistant to electric shocks. (rElec)))
((You are cold-blooded and may be slowed by cold attacks.))


Message History

The orc wizard is moderately wounded.
The orc wizard closely misses you.
You pummel the orc wizard!! You freeze the orc wizard.
You kill the orc wizard!
Something hits you but does no damage. Something bites you but does no damage.
Things that are here:
a +0 dagger; a +0 robe No target in view!
No target in view!
You punch something! You freeze something. Something hits you!
Something bites you.
Something draws strength from your injuries!
You hit something but do no damage. Something hits you but does no damage.
Something bites you!
Something draws strength from your injuries!
You barely miss something.
You hear some strange, mumbled words.
Something tries to affect you, but you resist.
You punch something! Something hits you. Something bites you.
Something draws strength from your injuries!
You hit something but do no damage. You hit something but do no damage.
Something hits you but does no damage. Something bites you.
Something draws strength from your injuries!
You punch something! You freeze something.
Something hits you but does no damage. Something bites you!
Something draws strength from your injuries!
You punch something! Something draws life force from you!
You punch something! You freeze something.
Something hits you but does no damage. Something bites you but does no damage.
You closely miss something. Something draws life force from you!
* * * LOW HITPOINT WARNING * * *
You closely miss something. You barely miss something.
Something barely misses you. Something bites you!
* * * LOW HITPOINT WARNING * * *
Something draws strength from your injuries!
You closely miss something. Something hits you!
* * * LOW HITPOINT WARNING * * *
Something bites you.
You die...

...o...........
...............
...............
..............# #....O.......#
# #..........###.#
#........##...# #''####..#.#.#
#...)Y...#.#.# #...###..#.#.#
######.#.#....#.# #......#
..#..#.# #......# ....#.#
######......######.#.#####.#
#..|.'......................
#.####....?.#...##.#.#########
#.##....#####......#.# #..


There were no monsters in sight!

Vanquished Creatures
  Pikel (D:6)
  Maggie (D:6)
  A water moccasin (D:5)
  An ice beast (D:6)
  A centaur (D:5)
  7 ogres
  3 lemures (D:6)
  A phantom (D:5)
  A wyvern zombie (D:5)
  A wyvern skeleton (D:5)
  A howler monkey (D:4)
  A centaur zombie (D:5)
  A centaur skeleton (D:6)
  5 hounds
  A jelly (D:5)
  2 bullfrog skeletons
  2 orc priests
  An iguana (D:5)
  Terence (D:1)
  An orc wizard (D:6)
  Natasha (thrice) (D:2)
  3 gnolls (D:3)
  6 adders
  2 ufetubi
  An adder skeleton (D:4)
  A worm (D:5)
  3 dart slugs
  3 orcs
  5 ball pythons
  9 endoplasms
  A giant cockroach (D:1)
  2 goblins (D:1)
  6 hobgoblins
  2 quokkas
  5 bats
  8 frilled lizards
  9 kobolds
  3 rats
106 creatures vanquished.

Notes
Turn   | Place    | Note
-------+----------+-------------------------------------------
     0 | D:1      | kae the Draconian Transmuter began the quest for the Orb.
     0 | D:1      | Reached XP level 1. HP: 16/16 MP: 3/3
   242 | D:1      | Reached XP level 2. HP: 16/23 MP: 5/5
  1221 | D:1      | Found a faded altar of an unknown god.
  1374 | D:2      | Reached XP level 3. HP: 22/28 MP: 6/6
  1556 | D:2      | Noticed Natasha
  1567 | D:2      | Killed Natasha
  1681 | D:2      | Noticed Terence
  1781 | D:2      | Noticed Natasha
  2113 | D:2      | Learned a level 3 spell: Spider Form
  2385 | D:2      | Reached XP level 4. HP: 35/36 MP: 5/7
  2616 | D:2      | Killed Natasha
  2654 | D:2      | Noticed Natasha
  2661 | D:2      | Killed Natasha
  2970 | D:1      | Killed Terence
  2971 | D:1      | Reached skill level 4 in Unarmed Combat
  2971 | D:1      | Reached skill level 1 in Poison Magic
  2971 | D:1      | Reached XP level 5. HP: 29/41 MP: 1/8
  3907 | D:3      | Found an iron altar of Okawaru.
  3942 | D:3      | Found a runed translucent door.
  3942 | D:3      | Noticed sn0wgr3's ghost (amateur MiFi)
  5028 | D:3      | Learned a level 4 spell: Ice Form
  5181 | D:4      | Noticed an ogre
  5585 | D:3      | Reached XP level 6. HP: 29/48 MP: 6/10
  5960 | D:4      | Reached skill level 1 in Ice Magic
  5960 | D:4      | Your scales start taking on a glossy black colour.
  5960 | D:4      | Reached XP level 7. HP: 56/56 MP: 9/11
  5960 | D:4      | Gained mutation: You are resistant to electric shocks.
                  | (rElec) [Black Draconian growth]
  6043 | D:5      | Entered Level 5 of the Dungeon
  6093 | D:5      | Reached skill level 5 in Unarmed Combat
  6167 | D:5      | Identified the amulet of Tuenk {RegenMP rElec Str+3}
  6923 | D:5      | Reached skill level 5 in Transmutations
  6923 | D:5      | Reached XP level 8. HP: 54/63 MP: 10/13
  7282 | D:5      | Reached skill level 6 in Unarmed Combat
  7950 | D:6      | Noticed Pikel
  8127 | D:6      | Killed Pikel
  8281 | D:6      | Reached XP level 9. HP: 71/71 MP: 11/15
  8306 | D:6      | Noticed Maggie
  8319 | D:6      | Killed Maggie
  8650 | D:6      | Reached skill level 7 in Unarmed Combat
  8668 | D:6      | HP: 1/86 [something (7)]
  8668 | D:6      | Slain by a vampire

Illustrated notes

Levels and vault maps discovered:
D:1:      kilobyte_arrival_exit_the_forest, layout_loops_ring,
          hellmonk_ecumenical_altar_prayer_group
D:2:      layout_loops_ring, grunt_decor_clamped, minmay_puff, uniq_terence,
          uniq_natasha
D:3:      layout_basic, mainiacjoe_overflow_24_doors, ebering_ghost_inner_flame,
          kennysheep_another_room
D:4:      layout_rooms
D:5:      layout_basic, grunt_decor_one_mirror
D:6:      kennysheep_big_flooded_room, layout_basic, temple_hall, serial_shops,
          nicolae_shop_waterfront, uniq_maggie, uniq_pikel,
          uniq_crazy_yiuf_cottage, uniq_eustachio

Skill      XL: |  1  2  3  4  5  6  7  8  9 |
---------------+----------------------------+-----
Dodging        | 2 3 4 |  4.3
Transmutations | 3 4 5 6 |  6.6
Fighting       | 2 3 4 |  4.6
Unarmed Combat | 4 5 6 7 |  7.0
Poison Magic   | 1 2 |  2.0
Spellcasting   | 3 4 |  4.3
Ice Magic      | 1 2 3 |  3.5

Action                   |  1- 3 |  4- 6 |  7- 9 || total
-------------------------+-------+-------+-------++-------
Melee: Unarmed           |   100 |   109 |   170 ||   379
       Kick              |    16 |    14 |       ||    30
       Headbutt          |     7 |     3 |       ||    10
       Tailslap          |     9 |     3 |     1 ||    13
       Punch             |     2 |     1 |     1 ||     4
 Cast: Beastly Appendage |    24 |    18 |     1 ||    43
       Spider Form       |       |    10 |    14 ||    24
       Ice Form          |       |       |     7 ||     7
 Abil: End Transformatio |       |       |     1 ||     1
  Use: Scroll            |     2 |     4 |     1 ||     7
 Stab: Sleeping          |     2 |       |     1 ||     3
Armor: Skin              |    33 |    19 |    37 ||    89
Dodge: Dodged            |    63 |    85 |   106 ||   254

Table legend: (Time is in decaauts)
 A = Elapsed time spent in this place.
 B = Non-inter-level travel time spent in this place.
 C = Inter-level travel time spent in this place.
 D = Time resting spent in this place.
 E = Time spent auto-exploring this place.
 F = Levels seen in this place.
 G = Mean time per level.
                   A        B        C        D        E       F      G
               +--------+--------+--------+--------+--------+-----+--------+
         Total |   8661 |   8474 |    187 |    580 |   6554 |   6 | 1443.5 |
       Dungeon |   8661 |   8474 |    187 |    580 |   6554 |   6 | 1443.5 |
               +--------+--------+--------+--------+--------+-----+--------+

Top non-repeatable levels by time:
     D:5: 1884 daAuts
     D:3: 1732 daAuts
     D:2: 1705 daAuts
     D:1: 1617 daAuts
     D:4: 1001 daAuts
     D:6: 721 daAuts
